 Dungeon Crawl Stone Soup version 0.29-a0-241-g20d21d4356 (webtiles) character file.

Game seed: 18186171773618839565

444 Morbidden the Conjurer (level 6, 0/48 HPs)
             Began as a Draconian Conjurer on Mar 4, 2022.
             Slain by an ogre
             ... wielding a +0 giant club
              (19 damage)
             ... on level 5 of the Dungeon.
             The game lasted 00:05:43 (5142 turns).

Morbidden the Conjurer (Draconian Conjurer)         Turns: 5142, Time: 00:05:44

Health: 0/48       AC:  6    Str: 10    XL:     6   Next: 72%
Magic:  7/11       EV: 12    Int: 20    God:
Gold:   255        SH:  0    Dex:  9    Spells: 9/12 levels left

rFire   . . .      SeeInvis +   j - +3 short sword
rCold   . . .      Faith    .   (no shield)
rNeg    . . .      Spirit   .   (body armour unavailable)
rPois   .          Reflect  .   (helmet restricted)
rElec   .          Harm     .   (no cloak)
rCorr   .          Rampage  .   (no gloves)
Will    .....                   (no boots)
Stlth   ++........              l - amulet of regeneration
HPRegen 0.16/turn               s - ring of see invisible
MPRegen 0.12/turn               (no ring)

@: no status effects
A: AC +6, unfitting armour, cold-blooded
a: no special abilities


You were on level 5 of the Dungeon.
You visited 2 branches of the dungeon, and saw 6 of its levels.

You collected 255 gold pieces.

Inventory:

Hand Weapons
 j - a +3 short sword (weapon)
Jewellery
 l - an amulet of regeneration (around neck)
 s - a ring of see invisible (left hand)
 u - a ring of fire
Wands
 q - a wand of paralysis (6)
Scrolls
 b - a scroll of amnesia
 c - 4 scrolls of identify
 m - a scroll of teleportation
 o - 2 scrolls of immolation
Potions
 a - a potion of cancellation {unknown}
 d - 2 potions of haste {unknown}
 e - a potion of curing {unknown}
 f - a potion of resistance {unknown}
 g - a potion of brilliance {unknown}
 h - 2 potions of might {unknown}
 i - 3 potions of heal wounds {unknown}
 k - a potion of degeneration {unknown}
 p - 2 potions of attraction {unknown}
 v - a potion of ambrosia {unknown}


   Skills:
 * Level 2.0 Fighting
 + Level 0.4 Short Blades
 * Level 2.9 Dodging
 + Level 2.4 Stealth
 + Level 0.4 Unarmed Combat
 * Level 3.6 Spellcasting
 * Level 6.1 Conjurations


You had 9 spell levels left.
You knew the following spells:

 Your Spells              Type           Power      Damage    Failure   Level
a - Magic Dart            Conj           100%       1d8       1%          1
b - Searing Ray           Conj           56%        2d6       1%          2

Your spell library contained the following spells:

 Spells                   Type           Power      Damage    Failure   Level
 Dazzling Flash           Conj/Hex       30%        N/A       12%         3
 Fulminant Prism          Conj/Hex       7%         3d7       36%         4
 Iskenderun's Mystic Bla  Conj/Tloc      15%        2d5       36%         4


Dungeon Overview and Level Annotations

Branches:
Dungeon (5/15)             Temple (1/1) D:4

Altars:
Ashenzari
Elyvilon
Fedhas
Gozag
Hepliaklqana
Makhleb
Okawaru
Qazlal
Sif Muna
Uskayaw
Wu Jian
Xom
Yredelemnul
Zin

Annotations:
D:5 1 runed translucent door


Innate Abilities, Weirdness & Mutations

Your plain brown scales are hard. (AC +6)
You cannot fit into any form of body armour.
You are cold-blooded and may be slowed by cold attacks.


Message History

Aiming: Magic Dart (safe; 1% risk of failure)
Press: ? - help, Shift-Dir - straight line, f - quokka
Aim: a quokka (wandering, hasn't noticed you, 100% to hit)
The magic dart hits the quokka but does no damage.
Unknown command.
Casting: Magic Dart (safe; 1% risk of failure)
Confirm with . or Enter, or press ? or * to list all spells.
Aiming: Magic Dart (safe; 1% risk of failure)
Press: ? - help, Shift-Dir - straight line, f/p - quokka
Aim: a quokka (100% to hit)
The magic dart hits the quokka.
You kill the quokka!
Casting: Magic Dart (safe; 1% risk of failure)
Confirm with . or Enter, or press ? or * to list all spells.
You can't see any susceptible monsters within range! (Use Z to cast anyway.) Unknown command.
Unknown command.
An ogre comes into view. It is wielding a +0 giant club.
Things that are here:
a +0 hand axe; an orc corpse
Casting: Magic Dart (safe; 1% risk of failure)
Confirm with . or Enter, or press ? or * to list all spells.
Aiming: Magic Dart (safe; 1% risk of failure)
Press: ? - help, Shift-Dir - straight line, f - ogre
Aim: an ogre, wielding a +0 giant club (100% to hit)
Okay, then.
Things that are here:
a +0 hand axe; an orc corpse
Things that are here:
a +0 short sword; a +0 scale mail
Items here: ) [ †††.
You see here a hound corpse.
Okay, then.
Found a runed translucent door.
A dart slug comes into view.
The dart slug launches a dart at you. The slug dart misses you.
You hear the slow rusting of a very distant drain.
The ogre hits you with a +0 giant club!!
You die...

### ### ### #####.. #..
... ....... ####.###
#.####.# #.. #..#...#
#.#..#.# #..
#....#@#####.#..#.###..
#.##wO.................
#....#.#####.##.#.#####
###..#.# #....#.#
#....# ######..
#....### .... #.####
..### #. ...# # ...+


You could see an ogre and a dart slug.

Vanquished Creatures
  Sigmund (D:3)
  2 hounds
  Jessica (D:2)
  2 orc wizards
  4 adders
  An ufetubus (D:3)
  3 dart slugs
  2 worms (D:2)
  8 orcs
  5 ball pythons
  4 endoplasms
  3 giant cockroaches
  6 goblins
  6 hobgoblins
  10 jackals
  5 kobolds
  8 quokkas
  5 bats
  2 frilled lizards (D:1)
  7 rats
85 creatures vanquished.

Vanquished Creatures (others)
  2 plants (D:1)
2 creatures vanquished.

Grand Total: 87 creatures vanquished

Notes
Turn   | Place    | Note
-------+----------+-------------------------------------------
     0 | D:1      | Morbidden the Draconian Conjurer began the quest for the
                  | Orb.
     0 | D:1      | Reached XP level 1. HP: 14/14 MP: 3/3
   420 | D:1      | Reached XP level 2. HP: 12/20 MP: 3/5
   614 | D:1      | Learned a level 2 spell: Searing Ray
  1177 | D:1      | Reached XP level 3. HP: 26/26 MP: 3/6
  1272 | D:1      | Found a faded altar of an unknown god.
  2496 | D:2      | Noticed Jessica
  2500 | D:2      | Killed Jessica
  2501 | D:2      | Reached skill level 5 in Conjurations
  2501 | D:2      | Reached XP level 4. HP: 34/34 MP: 1/7
  3135 | D:3      | Found a burning altar of Makhleb.
  3294 | D:3      | Found a broken altar of Ashenzari.
  3346 | D:3      | Noticed Sigmund
  3782 | D:3      | Reached XP level 5. HP: 39/39 MP: 6/9
  3831 | D:3      | Reached skill level 1 in Fighting
  3916 | D:3      | Killed Sigmund
  3917 | D:3      | Reached XP level 6. HP: 34/48 MP: 6/11
  4184 | D:3      | Found a glowing silver altar of Zin.
  4187 | D:3      | Noticed an angel
  4189 | D:3      | Noticed a balrug
  4403 | D:4      | Found a staircase to the Ecumenical Temple.
  4504 | D:4      | Found a shimmering blue altar of Sif Muna.
  4934 | Temple   | Entered the Ecumenical Temple
  5043 | D:5      | Entered Level 5 of the Dungeon
  5076 | D:5      | Reached skill level 6 in Conjurations
  5123 | D:5      | Found a runed translucent door.
  5142 | D:5      | Slain by an ogre

Illustrated notes

Levels and vault maps discovered:
D:1:      psy_arrival_fountain, layout_basic, basic_ecumenical_altar,
          st_stairs_3
D:2:      layout_loops_ring, uniq_jessica
D:3:      layout_rooms, grunt_temple_overflow_order_and_chaos_2,
          cheibrodos_ashenzari_chains, st_stairs_7, uniq_sigmund
D:4:      layout_loops_ring, nicolae_sif_muna_condensation,
          minmay_temple_entry_grid
D:5:      layout_basic, serial_shops, nicolae_stop_n_shop_1,
          ebering_ghost_reflecting_pool, portal_sewer_entry_f
Temple:   eino_temple_lava

Skill      XL: |  1  2  3  4  5  6 |
---------------+-------------------+-----
Dodging        | 2 |  2.9
Conjurations   | 5 6 |  6.1
Fighting       | 1 2 |  2.0
Spellcasting   | 3 |  3.6
Stealth        | 2 |  2.4
Short Blades   | |  0.4
Unarmed Combat | |  0.4

Action                   |  1- 3 |  4- 6 || total
-------------------------+-------+-------++-------
Melee: Unarmed           |    98 |       ||    98
       Tailslap          |    10 |    10 ||    20
       Punch             |     1 |       ||     1
       Short sword       |     5 |    45 ||    50
 Cast: Magic Dart        |    87 |    48 ||   135
       Searing Ray       |     2 |    13 ||    15
Evoke: Wand              |       |     1 ||     1
  Use: Scroll            |       |     8 ||     8
 Stab: Paralysed         |       |     4 ||     4
Armor: Skin              |    45 |    32 ||    77
Dodge: Dodged            |    92 |    59 ||   151

Table legend: (Time is in decaauts)
 A = Elapsed time spent in this place.
 B = Non-inter-level travel time spent in this place.
 C = Inter-level travel time spent in this place.
 D = Time resting spent in this place.
 E = Time spent auto-exploring this place.
 F = Levels seen in this place.
 G = Mean time per level.
                   A        B        C        D        E       F      G
               +--------+--------+--------+--------+--------+-----+--------+
         Total |   5149 |   4950 |    199 |    548 |   3711 |   6 |  858.2 |
       Dungeon |   5070 |   4871 |    199 |    548 |   3646 |   5 | 1014.0 |
        Temple |     78 |     78 |      0 |      0 |     65 |   1 |   78.0 |
               +--------+--------+--------+--------+--------+-----+--------+

Top non-repeatable levels by time:
     D:1: 1955 daAuts
     D:2: 1518 daAuts
     D:3: 779 daAuts
     D:4: 716 daAuts
     D:5: 100 daAuts
  Temple: 78 daAuts
